 Dungeon Crawl Stone Soup version 0.23-a0-703-gdf2d5e0 (webtiles) character file.

58 zishaf the Bolt Thrower (level 3, -5/33 HPs)
             Began as a Deep Dwarf Hunter on Jan 14, 2019.
             Slain by Sigmund
             ... wielding a +0 scythe
              (10 damage)
             ... on level 2 of the Dungeon.
             The game lasted 00:03:44 (1748 turns).

zishaf the Bolt Thrower (Deep Dwarf Hunter)         Turns: 1748, Time: 00:03:45

Health: -5/33      AC:  4    Str: 16    XL:     3   Next: 76%
Magic:  3/3        EV: 13    Int: 11    God:
Gold:   80         SH:  0    Dex: 13    Spells: 2/2 levels left

rFire    . . .     SeeInvis .   a - +1 hand crossbow
rCold    . . .     Gourm    .   (no shield)
rNeg     . . .     Faith    .   c - +0 leather armour
rPois    .         Spirit   .   (no helmet)
rElec    .         Reflect  .   (no cloak)
rCorr    .         Harm     .   s - +0 pair of gloves
MR       .....                  (no boots)
Stlth    +.........             (no amulet)
HPRegen  0.00/turn              (no ring)
MPRegen  0.08/turn              (no ring)

@: non-regenerating
A: damage resistance, heal wounds, sense surroundings 1, no regeneration
a: Heal Wounds


You were on level 2 of the Dungeon.
You were not hungry.

You visited 1 branch of the dungeon, and saw 3 of its levels.

You collected 80 gold pieces.

Inventory:

Hand Weapons
 a - a +1 hand crossbow (weapon)
 b - a +0 flail
 p - a +0 short sword
 w - a +0 hunting sling
Missiles
 d - 21 bolts (quivered)
 e - 112 stones
 o - 12 sling bullets
Armour
 c - a +0 leather armour (worn)
 s - a +0 pair of gloves (worn)
Scrolls
 h - 5 scrolls of identify {unknown}
 i - a scroll of blinking {unknown}
 k - 3 scrolls of amnesia {unknown}
 l - a scroll of remove curse {unknown}
 m - a scroll of immolation {unknown}
 n - a scroll of teleportation {unknown}
Potions
 g - 2 potions of degeneration {unknown}
 j - a potion of lignification {unknown}
 r - 2 potions of might {unknown}
Comestibles
 f - 2 rations
 q - 2 chunks of flesh


   Skills:
 * Level 2.9 Fighting
 + Level 0.2 Maces & Flails
 - Level 4.3 Crossbows
 * Level 3.5 Dodging
 - Level 1.2 Stealth


You had 2 spell levels left.
You didn't know any spells.
Your spell library was empty.

Dungeon Overview and Level Annotations

Branches:
Dungeon (3/15)

Altars:

Annotations:
D:2 Sigmund


Innate Abilities, Weirdness & Mutations

You are resistant to damage.
You can heal yourself by infusing magical energy.
You passively map a small area around you.
You do not regenerate.


Message History

Press: ? - help, Shift-Dir - straight line, f/p - Sigmund
Aim: Sigmund, wielding a +0 scythe and wearing a cursed +0 robe (lightly wounded)
You shoot a bolt. The bolt hits Sigmund.
Sigmund is moderately wounded.
Sigmund points at you and mumbles some strange words.
You resist with some effort.
Firing (i - inventory. (/) - cycle)
d - 23 bolts (quivered)
Press: ? - help, Shift-Dir - straight line, f/p - Sigmund
Aim: Sigmund, wielding a +0 scythe and wearing a cursed +0 robe (moderately wounded)
You shoot a bolt. The bolt hits Sigmund.
Sigmund is heavily wounded.
Sigmund closely misses you.
Firing (i - inventory. (/) - cycle)
d - 22 bolts (quivered)
Press: ? - help, Shift-Dir - straight line, f/p - Sigmund
Aim: Sigmund, wielding a +0 scythe and wearing a cursed +0 robe (heavily wounded)
You shoot a bolt. The bolt barely misses Sigmund.
Sigmund gestures at you while chanting. You resist with some effort.
Sigmund hits you from afar with a +0 scythe!
You die...

#.# #.#..##.# ########.##.#
#.# #.#..##(# #........#<..
#.# #.#(.##.####.#########.#
#.#
#####.#............)........
#.#
#...#.###.#.####.#########..
#.####.#.#.# #.#.# #.# ###
#....#.#.#.# #.#@# #.#
###....#.#.# #...####.##
#..###.#.# ##.@......# #..#
#.#.# #..####### #..# #.#.#
##.# #..# #.#.# #># ###..#
#.#.# #.# .<...# #.#.# #.#
.##.## #.#.# #.#
.##.####.#'#####'##
..................#


You could see Sigmund.

Vanquished Creatures
  An adder (D:2)
  An ooze (D:3)
  A worm (D:2)
  A dart slug (D:2)
  2 leopard geckos
  2 giant cockroaches
  5 goblins
  3 hobgoblins
  3 jackals (D:3)
  A ball python (D:2)
  5 bats
  10 frilled lizards
  2 kobolds
  3 rats (D:1)
  A plant (D:1)
41 creatures vanquished.

Notes
Turn   | Place    | Note
-------+----------+-------------------------------------------
     0 | D:1      | zishaf the Deep Dwarf Hunter began the quest for the Orb.
     0 | D:1      | Reached XP level 1. HP: 19/19 MP: 1/1
   240 | D:1      | Reached XP level 2. HP: 26/26 MP: 2/2
  1190 | D:2      | Reached XP level 3. HP: 33/33 MP: 3/3
  1233 | D:2      | Noticed Sigmund
  1748 | D:2      | Slain by Sigmund

Vault maps used:
D:1:      dpeg_arrival_pond, minmay_lizard_king
D:2:      uniq_sigmund
D:3:      first_ration, minmay_misc_feat_alley, kennysheep_cross_room,
          roderic_filled_cross, nemelex_spade_bored_becter

Skill      XL: |  1  2 |
---------------+-------+-----
Fighting       | 2 |  2.9
Dodging        | 3 |  3.5
Maces & Flails | |  0.2
Crossbows      | |  4.3
Stealth        | |  1.2

Action                   || total
-------------------------++-------
Melee: Short sword       ||    74
       Flail             ||     3
       Hunting sling     ||     1
 Fire: Hand crossbow     ||    58
       Hunting sling     ||    17
  Eat: Chunk             ||     3
Armor: Leather armour    ||     7
Dodge: Dodged            ||    20

Table legend:
 A = Non-vault XP
 B = Vault XP
 C = Vault XP percentage of total XP
 D = Non-vault monster count
 E = Vault monster count
 F = Vault count percentage of total count
                 A         B        C        D         E       F
            +---------+---------+-------+---------+---------+-------
      Total |      74 |      10 |  11.9 |      32 |       8 |  20.0
            +---------+---------+-------+---------+---------+-------
        D:1 |      22 |      10 |  31.2 |      15 |       8 |  34.8
        D:2 |      39 |       0 |   0.0 |      13 |       0 |   0.0
        D:3 |      13 |       0 |   0.0 |       4 |       0 |   0.0
            +---------+---------+-------+---------+---------+-------
